 Dungeon Crawl Stone Soup version 0.27-a0-75-g9f9dfd16e9 (webtiles) character file.

Game seed: 10618876191594869890

1383 tatocazan the Covert (level 8, -17/54 HPs)
             Began as an Octopode Brigand on Jan 13, 2021.
             Was a Follower of Dithmenos.
             Shot with a sling bullet by Joseph (24 damage)
             ... on level 7 of the Dungeon.
             The game lasted 00:08:50 (8070 turns).

tatocazan the Covert (Octopode Brigand)             Turns: 8070, Time: 00:08:50

Health: -17/54     AC:  1    Str:  7    XL:     8   Next: 67%
Magic:  8/8        EV: 20    Int: 13    God:    Dithmenos [*.....]
Gold:   336        SH:  0    Dex: 21    Spells: 7/7 levels left

rFire    . . .     SeeInvis +   n - +1 dagger (venom)
rCold    . . .     Faith    .   (no shield)
rNeg     . . .     Spirit   .   (helmet restricted)
rPois    .         Reflect  .   (no amulet)
rElec    .         Harm     .   e - +6 ring of dexterity
rCorr    +         Rampage  .   l - ring of willpower
Will     +....                  o - ring of resist corrosion
Stlth    +++++++...             r - +4 ring of evasion
HPRegen  0.18/turn              x - ring of see invisible
MPRegen  0.11/turn              y - -4 ring of strength (curse)
                                (no ring)
                                (no ring)

@: wreathed by umbra
A: almost no armour, stealthy swim, amphibious, 8 rings, constrict 8, camouflage
1, gelatinous body 1
a: Renounce Religion


You were on level 7 of the Dungeon.
You worshipped Dithmenos.
Dithmenos was aware of your devotion.
You visited 2 branches of the dungeon, and saw 8 of its levels.

You collected 336 gold pieces.

Inventory:

Hand Weapons
 n - a +1 dagger of venom (weapon)
Missiles
 b - 50 poisoned darts (quivered)
 c - 2 curare-tipped darts
Jewellery
 e - a +6 ring of dexterity (left tentacle)
 l - a ring of willpower (right tentacle)
 o - a ring of resist corrosion (on tentacle)
 r - a +4 ring of evasion (on tentacle)
 x - a ring of see invisible (on tentacle)
 y - a cursed -4 ring of strength (on tentacle)
Scrolls
 f - 2 scrolls of identify
 g - 2 scrolls of noise {unknown}
 i - a scroll of teleportation {unknown}
 j - 2 scrolls of amnesia {unknown}
 m - 2 scrolls of magic mapping
 q - 5 scrolls of remove curse {unknown}
 t - a scroll of immolation {unknown}
 v - a scroll of enchant armour {unknown}
Potions
 d - a potion of brilliance {unknown}
 h - 3 potions of curing
 k - 3 potions of attraction
 p - 2 potions of resistance
 s - a potion of ambrosia {unknown}
 u - a potion of might
 w - a potion of mutation {unknown}
 z - a potion of invisibility {unknown}


   Skills:
 - Level 4.3 Fighting
 * Level 5.6 Short Blades
 - Level 2.0 Throwing
 + Level 4.5 Dodging
 * Level 10.5 Stealth


You had 7 spell levels left.
You didn't know any spells.
Your spell library contained the following spells:

 Spells                   Type           Power        Failure   Level
 Foxfire                  Conj/Fire      0%           30%         1
 Conjure Flame            Conj/Fire      0%           67%         3
 Inner Flame              Hex/Fire       0%           67%         3
 Sticky Flame             Conj/Fire      0%           97%         4
 Fireball                 Conj/Fire      0%           100%        5


Dungeon Overview and Level Annotations

Branches:
Dungeon (7/15)             Temple (1/1) D:4

Altars:
Ashenzari
Cheibriados
Dithmenos
Elyvilon
Fedhas
Gozag
Hepliaklqana
Kikubaaqudgha
Makhleb
Nemelex Xobeh
Okawaru
Qazlal
Ru
Sif Muna
Trog
Uskayaw
Vehumet
Xom
Yredelemnul
Zin
The Shining One

Annotations:
D:4 2 runed translucent doors, louisi3's ghost, weakling OgFE
D:7 Joseph


Innate Abilities, Weirdness & Mutations

You cannot wear most types of armour.
You are very stealthy in the water. (Stealth+)
You are amphibious.
You can wear up to eight rings at the same time.
You can use your tentacles to constrict eight enemies at once.
Your skin changes colour to match your surroundings (Stealth+).
Your rubbery body absorbs attacks. (AC +1, EV +1)


Message History

Joseph is heavily wounded.
You constrict Joseph. The spectral weapon hits you!
* * * LOW HITPOINT WARNING * * *
You take 11 damage, and have 2/54 hp.
MASSIVE DAMAGE!!
You feel much better.
You constrict Joseph.
Joseph hits you with a +5 spectral quarterstaff!
* * * LOW HITPOINT WARNING * * *
The spectral weapon hits you!
* * * LOW HITPOINT WARNING * * *
You regained 5 hp, and now have 7/54 hp.
You feel better.
You constrict Joseph.
Joseph hits you with a +5 spectral quarterstaff.
* * * LOW HITPOINT WARNING * * *
The spectral weapon closely misses you.
You release your grip on Joseph.
Joseph unwields a +5 spectral quarterstaff.
The spectral weapon fades away.
Joseph wields a +4 hunting sling of flaming.
It bursts into flame!
Joseph shoots a sling bullet.
The sling bullet hits you!!
You die...

#... #..#.# ###. #..#.#
#.#. #..#.# ... #..#.#
..! #..#.# #.# ##..#.####
#.#
.<.......#######.###.#.#
##.............(@ยง......
#.##.....#.####.#######
#.#####.##.# #@# #..
....#.# #.# ### ###..#.#
#.# .....# #.# #..#.# #.#
#<##.# #.# #.# # #.#


You could see Joseph (extremely poisoned).

Vanquished Creatures
  Edmund (D:5)
  A sky beast (D:5)
  A phantom (D:6)
  A centaur (D:5)
  Blork the orc (D:4)
  A water moccasin zombie (D:6)
  A scorpion (D:6)
  3 wights (D:6)
  A howler monkey (D:5)
  Crazy Yiuf (D:3)
  3 orc priests
  2 hounds (D:5)
  Ijyb (D:3)
  2 iguanas (D:5)
  3 worker ants
  A hound skeleton (D:6)
  A worker ant zombie (D:3)
  7 gnolls (D:5)
  10 adders
  An ufetubus (D:5)
  An ooze (D:2)
  2 adder skeletons
  3 worms
  2 dart slugs
  3 leopard geckos
  19 orcs
  2 ball pythons (D:1)
  12 bats
  4 giant cockroaches
  10 goblins
  10 hobgoblins
  6 jackals
  3 quokkas
  5 frilled lizards
  A jackal skeleton (D:4)
  2 jackal zombies (D:3)
  8 kobolds
  A leopard gecko skeleton (D:4)
  10 rats
147 creatures vanquished.

Vanquished Creatures (others)
  A withered plant (D:3)
1 creature vanquished.

Grand Total: 148 creatures vanquished

Notes
Turn   | Place    | Note
-------+----------+-------------------------------------------
     0 | D:1      | tatocazan the Octopode Brigand began the quest for the Orb.
     0 | D:1      | Reached XP level 1. HP: 14/14 MP: 1/1
   187 | D:1      | Reached XP level 2. HP: 19/19 MP: 2/2
   499 | D:1      | Reached XP level 3. HP: 24/24 MP: 3/3
   788 | D:2      | Reached skill level 6 in Stealth
   903 | D:2      | Found a shimmering blue altar of Sif Muna.
  1018 | D:2      | Reached XP level 4. HP: 25/30 MP: 4/4
  1983 | D:2      | Found a hazy altar of Hepliaklqana.
  1991 | D:2      | Reached XP level 5. HP: 34/35 MP: 5/5
  2712 | D:3      | Found a runed translucent door.
  2714 | D:3      | Noticed Crazy Yiuf
  3026 | D:3      | Reached skill level 7 in Stealth
  3148 | D:3      | Noticed Ijyb
  3553 | D:4      | Found a burning altar of Makhleb.
  3553 | D:4      | Found a sacrificial altar of Ru.
  3576 | D:4      | Found a staircase to the Ecumenical Temple.
  3586 | Temple   | Entered the Ecumenical Temple
  3765 | Temple   | Became a worshipper of Dithmenos the Shadowed
  3861 | D:4      | Found a runed translucent door.
  3861 | D:4      | Noticed louisi3's ghost (weakling OgFE)
  3935 | D:4      | Found a sparkling altar of Nemelex Xobeh.
  3952 | D:4      | Found a runed translucent door.
  3975 | D:4      | Noticed Blork the orc
  3985 | D:4      | Killed Blork the orc
  3986 | D:4      | Reached XP level 6. HP: 24/42 MP: 6/6
  4514 | D:3      | Killed Ijyb
  5274 | D:3      | Killed Crazy Yiuf
  5275 | D:3      | Reached skill level 8 in Stealth
  5343 | D:5      | Entered Level 5 of the Dungeon
  5346 | D:5      | Reached XP level 7. HP: 47/47 MP: 7/7
  5445 | D:5      | Noticed Edmund
  5477 | D:5      | Killed Edmund
  5603 | D:5      | Reached skill level 9 in Stealth
  6179 | D:5      | Reached * piety under Dithmenos
  6594 | D:5      | Reached XP level 8. HP: 44/54 MP: 8/8
  7311 | D:6      | Reached skill level 10 in Stealth
  7334 | D:6      | Reached skill level 5 in Short Blades
  7807 | D:6      | Found a blossoming altar of Fedhas.
  8054 | D:7      | Noticed Joseph
  8067 | D:7      | HP: 2/54 [spectral weapon/+5 spectral quarterstaff[Joseph]
                  | (12)]
  8070 | D:7      | Shot with a sling bullet by Joseph

Illustrated notes

Levels and vault maps discovered:
D:1:      lightli_arrival_isolated_outpost, layout_basic,
          minmay_worlds_worst_comb
D:2:      minmay_recursive_quarters, layout_rooms, lemuel_crystal_altar,
          nzn_hepliaklqana_mist_gate, serial_rivers,
          chequers_serial_rivers_large_b, chequers_serial_rivers_large_a,
          chequers_serial_rivers_micro_e, chequers_serial_rivers_micro_b,
          chequers_serial_rivers_small_b, chequers_serial_rivers_room_a
D:3:      layout_loops_cross, serial_undead, serial_undead_d, serial_undead_e,
          serial_undead_d, serial_undead_d, chequers_serial_rivers_micro_b,
          uniq_crazy_yiuf_cottage, uniq_ijyb
D:4:      layout_cave_pools, lemuel_crystal_altar,
          gammafunk_temple_overflow_wave, minmay_temple_entry_statues_pillars,
          ebering_ghost_sewer_f, kennysheep_windowed_goal, uniq_blork_the_orc
D:5:      layout_layer_cave, uniq_edmund
D:6:      layout_rooms, lemuel_doored_altar
D:7:      layout_loops_ring, hex_tiny, uniq_joseph
Temple:   regret_index_temple_waves

Skill      XL: |  1  2  3  4  5  6  7  8 |
---------------+-------------------------+-----
Stealth        | 6 7 8 9 10 | 10.5
Dodging        | 2 3 4 |  4.5
Fighting       | 3 4 |  4.3
Short Blades   | 3 4 5 |  5.6
Throwing       | |  2.0

Action                   |  1- 3 |  4- 6 |  7- 9 || total
-------------------------+-------+-------+-------++-------
Melee: Dagger            |    62 |   156 |   137 ||   355
       Constrict         |    12 |    41 |    32 ||    85
       Tentacles         |     9 |    38 |    43 ||    90
Throw: Dart              |       |     5 |     1 ||     6
Evoke: Wand              |       |       |     3 ||     3
  Use: Scroll            |       |     5 |     1 ||     6
       Potion            |       |       |     2 ||     2
 Stab: Sleeping          |    16 |    17 |     7 ||    40
       Distracted        |       |     2 |       ||     2
Armor: Skin              |     6 |     7 |     2 ||    15
Dodge: Dodged            |    38 |   109 |   115 ||   262

Table legend: (Time is in decaauts)
 A = Elapsed time spent in this place.
 B = Non-inter-level travel time spent in this place.
 C = Inter-level travel time spent in this place.
 D = Time resting spent in this place.
 E = Time spent auto-exploring this place.
 F = Levels seen in this place.
 G = Mean time per level.
                   A        B        C        D        E       F      G
               +--------+--------+--------+--------+--------+-----+--------+
         Total |   8006 |   7628 |    378 |   2777 |   3905 |   8 | 1000.8 |
       Dungeon |   7757 |   7498 |    259 |   2777 |   3780 |   7 | 1108.1 |
        Temple |    249 |    130 |    119 |      0 |    125 |   1 |  249.0 |
               +--------+--------+--------+--------+--------+-----+--------+

Top non-repeatable levels by time:
     D:2: 2123 daAuts
     D:5: 1924 daAuts
     D:3: 1095 daAuts
     D:4: 1080 daAuts
     D:1: 765 daAuts
     D:6: 740 daAuts
  Temple: 249 daAuts
     D:7: 27 daAuts
